 Dungeon Crawl Stone Soup version 0.20.1-1-g8b1a95d (webtiles) character file.

228 lemmily0 the Cudgeler (level 5, -6/45 HPs)
             Began as a Minotaur Berserker on Nov 2, 2017.
             Was an Elder of Trog.
             Killed by divine providence
             ... invoked by an orc priest
              (11 damage)
             ... on level 3 of the Dungeon.
             The game lasted 00:14:52 (2063 turns).

lemmily0 the Cudgeler (Minotaur Berserker)          Turns: 2063, Time: 00:14:53

Health: -6/45      AC:  6    Str: 21    XL:     5   Next: 70%
Magic:  4/4        EV: 11    Int:  4    God:    Trog [****..]
Gold:   126        SH:  0    Dex: 11    Spells: 4/4 levels left

rFire    + . .     SeeInvis .   a - +0 mace
rCold    . . .     Gourm    .   (no shield)
rNeg     . . .     Faith    .   n - +1 ring mail {rF+}
rPois    .         Spirit   .   (helmet restricted)
rElec    .         Reflect  .   (no cloak)
rCorr    .         Harm     .   (no gloves)
MR       .....                  (no boots)
Stlth    +.........             (no amulet)
Regen    0.2/turn               (no ring)
MPRegen  0.1/turn               (no ring)

@: no status effects
A: retaliatory headbutt, horns 2
a: Berserk, Trog's Hand, Brothers in Arms, Burn Spellbooks, Renounce Religion


You were on level 3 of the Dungeon.
You worshipped Trog.
Trog was greatly pleased with you.
You were not hungry.

You visited 1 branch of the dungeon, and saw 3 of its levels.

You collected 126 gold pieces.

Inventory:

Hand Weapons
 a - a +0 mace (weapon)
 i - a +3 spear
 p - a +0 whip of draining
 q - a cursed -3 whip
 t - a +1 hunting sling of flaming
Missiles
 d - 2 tomahawks (quivered)
Armour
 b - a +0 animal skin
 n - a +1 ring mail of fire resistance (worn)
 o - a +0 shield
 r - a +0 animal skin
Scrolls
 e - 3 scrolls of remove curse {unknown}
 f - a scroll of enchant weapon {unknown}
 h - 5 scrolls of identify {unknown}
 k - a scroll of recharging {unknown}
 s - 3 scrolls of fear {unknown}
Potions
 g - a potion of haste {unknown}
 l - a potion of curing {unknown}
 m - a potion of brilliance {unknown}
 u - a potion of heal wounds {unknown}
Comestibles
 c - 5 bread rations
 j - a royal jelly


   Skills:
 - Level 3.6 Fighting
 + Level 7.8 Maces & Flails
 - Level 2.4 Armour
 - Level 2.1 Dodging
 + Level 0.1 Stealth


You had 4 spell levels left.
You didn't know any spells.

Dungeon Overview and Level Annotations

Branches:
Dungeon (3/15)

Altars:


Innate Abilities, Weirdness & Mutations

You reflexively headbutt those who attack you in melee.
You have a pair of horns on your head.


Message History

You headbutt the orc wizard! You hit the orc wizard.
The orc wizard is severely wounded.
The orc wizard points at you and mumbles some strange words.
You resist with some effort.
You sock the orc wizard!
You kill the orc wizard!
Trog accepts your kill.
Trog appreciates your killing of a magic user.
The orc priest mumbles some strange prayers to Beogh against you.
Beogh smites you!
You closely miss the orc.
The orc priest calls down the wrath of Beogh upon you.
Beogh smites you! The orc hits you with a club.
The orc priest mumbles some strange prayers to Beogh against you.
Beogh smites you!
* * * LOW HITPOINT WARNING * * *
The orc priest invokes the aid of Beogh against you.
Beogh smites you!
You die...

#.#
...
#..
#o#
#o#
#)#
#o#
#.#
#@#
#.#
#.#
#.#
#†#
#<#
###


You could see an orc priest and 2 orcs.

Vanquished Creatures
  An orc wizard (D:3)
  Robin (D:2)
  4 gnolls (D:2)
  5 adders (D:2)
  A worm (D:2)
  A dart slug (D:1)
  3 leopard geckos
  8 bats
  2 giant cockroaches
  13 hobgoblins
  3 jackals (D:2)
  2 quokkas
  2 frilled lizards
  19 goblins
  6 kobolds
  27 rats
98 creatures vanquished.

Notes
Turn   | Place    | Note
-------+----------+-------------------------------------------
     0 | D:1      | lemmily0 the Minotaur Berserker began the quest for the Orb.
     0 | D:1      | Reached XP level 1. HP: 19/19 MP: 0/0
    79 | D:1      | Reached skill level 4 in Maces & Flails
   169 | D:1      | Reached XP level 2. HP: 22/26 MP: 1/1
   489 | D:1      | Reached ** piety under Trog
   594 | D:1      | Reached skill level 5 in Maces & Flails
   621 | D:1      | Reached XP level 3. HP: 30/31 MP: 2/2
  1114 | D:2      | Reached *** piety under Trog
  1114 | D:2      | Reached skill level 6 in Maces & Flails
  1114 | D:2      | Reached XP level 4. HP: 31/39 MP: 3/3
  1141 | D:2      | Noticed Robin
  1192 | D:2      | Killed Robin
  1197 | D:2      | Reached XP level 5. HP: 7/45 MP: 4/4
  1385 | D:2      | Reached skill level 7 in Maces & Flails
  1875 | D:2      | Reached **** piety under Trog
  2063 | D:3      | Killed from afar by an orc priest

Skill      XL: |  1  2  3  4  5 |
---------------+----------------+-----
Maces & Flails | 4 5 6 7 |  7.8
Fighting       | |  3.6
Armour         | |  2.4
Dodging        | |  2.1
Stealth        | |  0.1

Action                   |  1- 3 |  4- 6 || total
-------------------------+-------+-------++-------
Melee: Mace              |    97 |   115 ||   212
       Headbutt          |    12 |    10 ||    22
  Eat: Meat ration       |     1 |       ||     1
Armor: Animal skin       |    11 |       ||    11
       Ring mail         |    13 |    34 ||    47
Dodge: Dodged            |    50 |    75 ||   125
